 Dungeon Crawl Stone Soup version 0.32-a0-468-g38b2580584 (webtiles) character file.

Game seed: 1922677698247687559

23 ezpacito the Trooper (level 2, -4/24 HPs)
             Began as a Demonspawn Chaos Knight on Feb 24, 2024.
             Was a Plaything of Xom.
             Slain by Natasha (7 damage)
             ... on level 2 of the Dungeon.
             The game lasted 00:00:45 (854 turns).

ezpacito the Trooper (Demonspawn Chaos Knight)       Turns: 854, Time: 00:00:46

Health: -4/24      AC:  5    Str: 12    XL:     2   Next: 75%
Magic:  2/2        EV: 11    Int: 12    God:    Xom [...*..]
Gold:   69         SH:  0    Dex: 12    Spells: 1/1 levels left

rFire   . . .        a - +0 hand axe (chaos)
rCold   . . .        (no shield)
rNeg    . . .        b - +2 leather armour
rPois   .            (no helmet)
rElec   .            (no cloak)
rCorr   .            (no gloves)
SInv    .            (no boots)
Will    .....        (no amulet)
Stlth   +            (no ring)
HPRegen 0.24/turn    (no ring)
MPRegen 0.08/turn

%: no passive effects
@: slowed, very slow
A: powered by death 1
a: Renounce Religion


You were on level 2 of the Dungeon.
You worshipped Xom.
You were a favourite toy of Xom.
You visited 1 branch of the dungeon, and saw 2 of its levels.

You collected 69 gold pieces.

Inventory:

Hand Weapons
 a - a +0 hand axe of chaos (weapon)
Armour
 b - a +2 leather armour (worn)
 i - a +0 leather armour of cold resistance
Talismans
 k - a beast talisman
Scrolls
 c - a scroll of butterflies
 f - a scroll of poison {unknown}
 g - 2 scrolls of teleportation {unknown}
 h - a scroll of fog {unknown}
Potions
 d - a potion of curing {unknown}
 e - a potion of haste {unknown}
 j - a potion of degeneration {unknown}


   Skills:
 * Level 3.1 Fighting
 * Level 2.8 Axes
 + Level 0.2(1.7) Polearms
 * Level 2.0 Armour
 * Level 1.2 Dodging
 + Level 0.7 Stealth
 * Level 0.5 Unarmed Combat
 * Level 0.4 Spellcasting


You had one spell level left.
You didn't know any spells.
Your spell library was empty.

Dungeon Overview and Level Annotations

Branches:
Dungeon (2/15)

Altars:

Annotations:
D:2 Natasha


Innate Abilities, Weirdness & Mutations

You regenerate a little health from kills.


Message History

Natasha, Servant of Life and Death comes into view.
Natasha hisses angrily.
Natasha stares at you and mumbles some strange words.
The magic dart hits you.
Natasha is nearby!
No target in view!
No target in view!
No target in view!
No target in view!
No target in view!
No target in view!
No target in view!
No target in view!
No target in view!
Natasha is nearby!
Found a stone staircase leading down.
Natasha casts a spell at you. The magic dart hits you!
You emit a cloud of colourful smoke!
Natasha casts a spell at you.
The magic dart hits you but does no damage.
You hit Natasha but do no damage.
Natasha stares at you and mumbles some strange words.
The magic dart hits you.
You hit Natasha. You freeze Natasha.
Natasha is moderately wounded.
Natasha mumbles some strange words.
You feel disoriented. Natasha claws you but does no damage.
You hit Natasha but do no damage.
Natasha is moderately wounded.
Natasha casts a spell at you.
You feel yourself slow down.
You hit Natasha.
Natasha flies into a frenzy!
Natasha is heavily wounded.
Natasha claws you!
* * * LOW HITPOINT WARNING * * *
A shower of butterflies erupts from you!
Natasha claws you!
You die...

##############
#............#
#............#
########b...........#
#>...b.§b§...........
.......@§§###........
#.##..h##§#...####...
#.... ..+.<.#
#.##....#...# #
###..#...# #..+...+
#..#...# #.......
.#####


You could see the neutral Natasha (fast, strong, frenzied, ally target).

Vanquished Creatures
  4 ball pythons (D:1)
  3 endoplasms (D:1)
  3 hobgoblins (D:1)
  2 jackals (D:1)
  A kobold (D:1)
  A quokka (D:1)
  2 bats (D:1)
  3 frilled lizards (D:1)
  2 goblins (D:1)
  A rat (D:1)
22 creatures vanquished.

Notes
Turn   | Place    | Note
-------+----------+-------------------------------------------
     0 | D:1      | ezpacito the Demonspawn Chaos Knight began the quest for
                  | the Orb.
     0 | D:1      | Reached XP level 1. HP: 18/18 MP: 1/1
    39 | D:1      | XOM: silly message
   163 | D:1      | Reached skill level 1 in Dodging
   201 | D:1      | Gained mutation: You regenerate a little health from kills.
                  | [demonic ancestry]
   201 | D:1      | Reached XP level 2. HP: 24/24 MP: 2/2
   309 | D:1      | XOM: 3-stop teleportation journey
   846 | D:2      | Noticed Natasha
   849 | D:2      | XOM: smoke on damage
   854 | D:2      | XOM: butterfly on damage
   854 | D:2      | Slain by Natasha

Illustrated notes

Levels and vault maps discovered:
D:1:      elethiomel_arrival_maze, layout_basic
D:2:      layout_basic, shapermc_ecumenical_altar_mp_highgroup, uniq_natasha

Skill      XL: |  1  2 |
---------------+-------+-----
Dodging        | 1 |  1.2
Armour         | 2 |  2.0
Fighting       | |  3.1
Axes           | |  2.8
Polearms       | |  0.2
Stealth        | |  0.7
Unarmed Combat | |  0.5
Spellcasting   | |  0.4

Action                     || total
---------------------------++-------
  Melee: Hand axe          ||    66
   Stab: Paralysed         ||     1
         Sleeping          ||     1
 Armour: Leather armour    ||    53
  Dodge: Dodged            ||    49

Table legend: (Time is in decaauts)
 A = Elapsed time spent in this place.
 B = Non-inter-level travel time spent in this place.
 C = Inter-level travel time spent in this place.
 D = Time resting spent in this place.
 E = Time spent auto-exploring this place.
 F = Levels seen in this place.
 G = Mean time per level.
                   A        B        C        D        E       F      G
               +--------+--------+--------+--------+--------+-----+--------+
         Total |    864 |    773 |     91 |      0 |    621 |   2 |  432.0 |
       Dungeon |    864 |    773 |     91 |      0 |    621 |   2 |  432.0 |
               +--------+--------+--------+--------+--------+-----+--------+

Top non-repeatable levels by time:
     D:1: 851 daAuts
     D:2: 13 daAuts
